Map: 나이트쉐이드 - 래더

Players

Zest

  • Race: Protoss Protoss
  • Spawn Location: 5:00

Namshar - Winner!

  • Race: Zerg Zerg
  • League: Grandmaster
  • Spawn Location: 11:00

Event: StayAtHomestory Cup #1

VOD

Have the link to the VOD?

Description

Time

  • Played on: April 10, 2020, 6:28 a.m.
  • Length: 10:20

All games in this series

Show
View Real Time Build Order
Export as new Build Order

Zest Protoss 

Build Orders: 1 Gate Expand 

Get SALT Encoding   

  12  0:00  Probe  
  13  0:13  Probe  
  14  0:19  Pylon  
  14  0:25  Probe  
  15  0:37  Probe (Chrono Boost)  
  15  0:40  Gateway  
  16  0:48  Probe (Chrono Boost)  
  17  0:50  Assimilator  
  17  0:52  Probe (Chrono Boost)  
  18  1:03  Probe  
  19  1:16  Probe  
  20  1:27  Nexus  
  20  1:36  Cybernetics Core  
  20  1:39  Probe  
  21  1:44  Assimilator  
  21  1:51  Probe  
  21  1:54  Pylon  
  22  2:03  Probe  
  23  2:10  Adept (Chrono Boost)  
  23  2:13  Warp Gate  
  23  2:15  Probe  
  26  2:23  Twilight Council  
  26  2:27  Probe  
  27  2:31  Stalker (Chrono Boost)  
  29  2:39  Probe  
  29  2:40  Probe  
  31  2:51  Probe  
  31  2:52  Probe  
  31  2:55  Robotics Facility  
  31  2:57  Resonating Glaives (Chrono Boost)  
  33  3:03  Probe  
  33  3:04  Probe  
  35  3:24  Gateway  
  35  3:30  Gateway  
  35  3:37  Gateway  
  35  3:39  Warp Prism (Chrono Boost)  
  35  3:46  Probe x2  
  39  3:57  Pylon  
  39  3:58  Probe  
  38  4:04  Adept  
  38  4:09  Pylon  
  40  4:10  Probe x2  
  42  4:18  Observer  
  42  4:19  Stalker  
  42  4:21  Pylon  
  45  4:29  Pylon  
  45  4:30  Adept x2  
  45  4:31  Adept  
  51  4:50  Adept x2  
  51  4:51  Adept x2  
  59  4:54  Pylon  
  59  4:56  Probe x2  
  61  5:03  Assimilator  
  61  5:09  Probe x2  
  63  5:14  Adept x4  
  63  5:18  Pylon  
  71  5:27  Probe  
  71  5:28  Probe  
  73  5:37  Adept x4  
  73  5:40  Pylon  
  75  5:57  Adept  
  75  5:58  Adept x3  
  75  5:59  Nexus  
  75  6:03  Pylon  
  73  6:19  Adept x3  
  73  6:20  Adept  
  81  6:31  Immortal (Chrono Boost)  
  71  6:43  Pylon  
  67  6:48  Adept x3  
  67  6:49  Adept  
  75  7:04  Immortal (Chrono Boost)  
  71  7:12  Observer  
  67  7:18  Probe x2  
  61  7:23  Gateway  
  61  7:25  Gateway  
  61  7:27  Gateway  
  61  7:28  Probe  
  61  7:29  Gateway  
  62  7:30  Probe  
  62  7:33  Forge  
  64  7:37  Probe  
  64  7:39  Sentry x4  
  64  7:40  Probe, Immortal (Chrono Boost)  
  64  7:42  Probe (Chrono Boost)  
  78  7:49  Probe (Chrono Boost)  
  78  7:50  Pylon, Blink  
  79  7:52  Probe (Chrono Boost)  
  79  7:56  Probe (Chrono Boost)  
  81  8:00  Probe (Chrono Boost)  
  81  8:02  Probe (Chrono Boost)  
  81  8:03  Probe (Chrono Boost)  
  81  8:04  Pylon  
  84  8:05  Probe (Chrono Boost)  
  84  8:07  Probe (Chrono Boost)  
  84  8:10  Probe  
  84  8:12  Immortal (Chrono Boost), Assimilator  
  87  8:13  Assimilator  
  87  8:15  Probe  
  87  8:17  Protoss Ground Weapons Level 1 (Chrono Boost)  
  87  8:19  Observer  
  92  8:25  Pylon  
  92  8:32  Pylon  
  91  8:45  Stalker x4  
  91  8:46  Immortal (Chrono Boost)  
  103  8:52  Stalker x2  
  103  8:53  Zealot x2  
  111  9:12  Adept x3  
  103  9:21  Stalker  
  103  9:22  Stalker x4  
  78  9:34  Stalker x2  
  78  9:35  Stalker  
  68  9:51  Stalker x5  
  59  10:01  Stalker x3  
Show
View Real Time Build Order
Export as new Build Order

Namshar Zerg - Winner!

Build Orders: Hatch First 

Get SALT Encoding   

  12  0:00  Drone  
  13  0:08  Drone  
  14  0:33  Hatchery  
  13  0:40  Overlord  
  13  0:44  Drone  
  14  0:58  Drone x2  
  16  1:07  Spawning Pool  
  15  1:12  Drone  
  15  1:15  Drone  
  15  1:18  Extractor  
  16  1:24  Drone  
  17  1:34  Drone  
  18  1:45  Drone x2  
  20  1:54  Queen  
  20  1:55  Queen  
  20  1:56  Zergling x2  
  20  1:59  Zergling x2  
  26  2:07  Drone x2  
  28  2:17  Metabolic Boost  
  28  2:18  Overlord  
  28  2:35  Hatchery  
  27  2:39  Drone  
  27  2:40  Zergling x2  
  27  2:43  Zergling x2  
  30  2:52  Zergling x4  
  30  2:56  Drone  
  30  2:57  Drone  
  34  3:04  Drone  
  34  3:05  Overlord x2  
  33  3:20  Queen  
  33  3:21  Drone  
  33  3:24  Zergling x8  
  33  3:26  Zergling x2  
  41  3:32  Drone  
  42  3:35  Drone  
  42  3:39  Roach Warren  
  41  3:54  Drone x6  
  45  4:02  Lair  
  44  4:05  Drone  
  44  4:06  Drone x4  
  49  4:15  Drone  
  49  4:17  Overlord  
  50  4:19  Drone x3  
  50  4:20  Extractor  
  50  4:21  Extractor  
  51  4:26  Overlord  
  51  4:27  Drone  
  52  4:31  Overlord x2  
  52  4:44  Overlord  
  48  4:48  Roach x4  
  48  4:52  Spine Crawler  
  55  4:55  Roach  
  55  4:56  Roach  
  55  4:58  Roach  
  61  5:05  Roach  
  61  5:06  Roach  
  67  5:07  Roach  
  67  5:13  Roach  
  67  5:14  Roach  
  71  5:16  Roach  
  71  5:21  Zergling x10, Roach  
  80  5:32  Overlord  
  80  5:36  Roach  
  80  5:38  Roach x4  
  85  5:55  Roach x6  
  88  6:05  Roach x4  
  92  6:21  Glial Reconstitution  
  92  6:23  Overseer  
  92  6:31  Drone x5  
  92  6:32  Drone x4  
  95  6:42  Roach  
  95  6:44  Roach  
  95  6:48  Overlord x3  
  95  6:53  Queen  
  97  7:01  Ravager  
  98  7:02  Ravager  
  98  7:08  Roach x10  
  111  7:19  Drone  
  111  7:20  Drone x6  
  115  7:33  Overlord x2  
  115  7:37  Extractor x2  
  115  7:38  Drone x6  
  115  7:41  Overlord  
  119  7:47  Ravager x2  
  119  7:48  Ravager  
  122  7:55  Overseer  
  122  8:03  Roach x2  
  126  8:11  Roach x4  
  126  8:12  Overlord  
  134  8:14  Extractor  
  134  8:16  Zergling x2  
  134  8:17  Zergling x12  
  140  8:23  Ravager  
  140  8:24  Ravager  
  142  8:28  Ravager, Overlord  
  142  8:29  Zergling x2  
  142  8:30  Zergling x4  
  146  8:46  Ravager x3  
  146  8:47  Overlord x3  
  146  8:48  Zergling x6, Roach x3  
  158  8:56  Ravager  
  158  8:57  Ravager, Overlord x2  
  158  8:58  Overlord  
  160  9:03  Ravager  
  160  9:05  Zergling x2  
  153  9:13  Roach x6  
  144  9:19  Roach x2  
  129  9:25  Roach x3  
  117  9:32  Roach x3  
  115  9:41  Roach x2  
  115  9:42  Roach x2  
  113  9:46  Zergling x4, Roach  
  115  9:55  Zergling x2, Roach x3  
  115  9:56  Ravager x2  
  115  9:57  Ravager  
  124  10:09  Ravager  
  124  10:10  Ravager  
Tags
 
Add a new tag
Caveats
  • Supply blocks, unpowered buildings, or Contaminate may cause inaccurate times.
  • Supply counts are checked every 10 seconds.